 Dungeon Crawl Stone Soup version 0.21-a0-91-ga5031da (webtiles) character file.

34 HAL9000 the Sneak (level 3, -1/18 HPs)
             Began as a Vine Stalker Assassin on June 29, 2017.
             Slain by a gnoll
             ... wielding a +0 spear
              (5 damage)
             ... on level 2 of the Dungeon.
             The game lasted 00:02:03 (696 turns).

HAL9000 the Sneak (Vine Stalker Assassin)            Turns: 696, Time: 00:02:04

Health: -1/18      AC:  4    Str: 14    XL:     3   Next: 31%
Magic:  0/4        EV: 11    Int: 11    God:
Gold:   21         SH:  0    Dex: 15    Spells: 2/2 levels left

rFire    . . .     SeeInvis .   a - +2 dagger
rCold    . . .     Gourm    .   (no shield)
rNeg     . . .     Faith    .   c - +0 robe
rPois    .         Spirit   +   (no helmet)
rElec    .         Reflect  .   d - +0 cloak
rCorr    .         Harm     .   (no gloves)
MR       .....                  m - +0 pair of boots
Stlth    +++.......             (no amulet)
HPRegen  0.06/turn              (no ring)
MPRegen  0.09/turn              (no ring)

@: no status effects
A: fangs 2, magic shield, antimagic bite, no potion heal 3, rot immunity
a: no special abilities


You were on level 2 of the Dungeon.
You were not hungry.

You visited 1 branch of the dungeon, and saw 2 of its levels.

You collected 21 gold pieces.

Inventory:

Hand Weapons
 a - a +2 dagger (weapon)
 b - a +0 blowgun
Missiles
 e - 8 poisoned needles
 f - 2 curare-tipped needles
Armour
 c - a +0 robe (worn)
 d - a +0 cloak (worn)
 m - a +0 pair of boots (worn)
Scrolls
 h - 2 scrolls of enchant armour {unknown}
 j - a scroll of noise {unknown}
 n - a scroll of amnesia {unknown}
 o - 2 scrolls of remove curse {unknown}
 q - a scroll of teleportation {unknown}
 r - a scroll of fear {unknown}
 u - 3 scrolls of blinking {unknown}
Potions
 p - a potion of curing {unknown}
 s - a potion of might {unknown}
 t - a potion of heal wounds {unknown}
Comestibles
 g - a bread ration
 i - 2 royal jellies
 k - 2 meat rations


   Skills:
 - Level 1.7 Fighting
 + Level 3.3 Short Blades
 - Level 1.7 Throwing
 - Level 0.7 Dodging
 - Level 4.8 Stealth


You had 2 spell levels left.
You didn't know any spells.

Dungeon Overview and Level Annotations

Branches:
Dungeon (2/15)

Altars:


Innate Abilities, Weirdness & Mutations

You have extremely sharp teeth.
When hurt, damage is shared between your health and your magic reserves.
Your bite disrupts and absorbs the magic of your enemies.
Potions cannot restore your health.
You are immune to rotting.


Message History

The gnoll shouts! x2
The gnoll barely misses you.
The gnoll hits you from afar with a spear.
You hit the gnoll but do no damage. The gnoll hits you but does no damage.
You barely miss the gnoll. Your bite misses the gnoll. The gnoll misses you.
You hit the gnoll. Your bite misses the gnoll.
The gnoll is moderately wounded.
The gnoll hits you. The gnoll hits you but does no damage.
You barely miss the gnoll. Your bite misses the gnoll.
The gnoll is moderately wounded.
The gnoll hits you.
You barely miss the gnoll.
The gnoll is moderately wounded.
The gnoll hits you from afar with a spear.
* * * LOW HITPOINT WARNING * * *
The gnoll barely misses you.
You hit the gnoll but do no damage. You bite the gnoll, but do no damage.
The gnoll is moderately wounded.
The gnoll hits you from afar with a spear!
You die...

#.#.#...........#.########
....#...........#.#######
#.#............#........#
...............#........#
#)#.##.#.......#........#
#.#.##.##########g#######
#.#.##.# #g#########
#.#.##.##########g##......##
#.#.............@..........#
#.####.##..#######.#.####..#
#..................#.......#
######†##..#.#######.####..####
...#.............#####....#
###.#.###.#######.#.######.#
###.....##†..............#
######.###.##......#.#....###
...............#...##.#.##.#


You could see 3 gnolls.

Vanquished Creatures
  An adder (D:2)
  An ooze (D:1)
  A dart slug (D:1)
  A leopard gecko (D:2)
  3 goblins
  2 hobgoblins (D:1)
  A bat (D:2)
  4 frilled lizards (D:1)
  2 kobolds
  5 rats
21 creatures vanquished.

Notes
Turn   | Place    | Note
-------+----------+-------------------------------------------
     0 | D:1      | HAL9000 the Vine Stalker Assassin began the quest for the Orb.
     0 | D:1      | Reached XP level 1. HP: 11/11 MP: 2/2
   106 | D:1      | Reached XP level 2. HP: 15/15 MP: 3/3
   615 | D:2      | Reached XP level 3. HP: 18/18 MP: 4/4
   696 | D:2      | Slain by a gnoll

Vault maps used:
D:1:      scummos_arrival_forest
D:2:      kennysheep_generic_room_2, uniq_jessica, uniq_sigmund

Skill      XL: |  1  2 |
---------------+-------+-----
Short Blades   | 2 3 |  3.3
Fighting       | |  1.7
Throwing       | |  1.7
Dodging        | |  0.7
Stealth        | |  4.8

Action                   || total
-------------------------++-------
Melee: Dagger            ||    41
       Bite              ||     6
 Stab: Sleeping          ||    10
Armor: Robe              ||     3
Dodge: Dodged            ||    10
